 Dungeon Crawl Stone Soup version 0.31.0-4-g52a2dc7128 (webtiles) character file.

Game seed: 1915343552400782485

511 inmateoo the Poker (level 6, -1/48 HPs)
             Began as a Demonspawn Gladiator on Jan 21, 2024.
             Was an Initiate of Hepliaklqana.
             Slain by Grinder (4 damage)
             ... on level 4 of the Dungeon.
             The game lasted 00:03:54 (3016 turns).

inmateoo the Poker (Demonspawn Gladiator)           Turns: 3016, Time: 00:03:55

Health: -1/48      AC: 13    Str: 16    XL:     6   Next: 99%
Magic:  6/6        EV: 11    Int:  8    God:    Hepliaklqana [......]
Gold:   183        SH:  0    Dex: 15    Spells: 5/5 levels left

rFire   . . .        a - +0 trident
rCold   . . .        (no shield)
rNeg    . . .        f - +0 scale mail
rPois   .            c - +0 helmet
rElec   .            p - +1 cloak
rCorr   .            k - +0 pair of gloves
SInv    .            (no boots)
Will    .....        (no amulet) Stlth
                     (no ring)
HPRegen 0.28/turn    (no ring)
MPRegen 0.10/turn

%: no passive effects
@: hasted, very quick
A: icy blue scales 1, foul stench 2, powered by death 1
a: Renounce Religion


You were on level 4 of the Dungeon.
You worshipped Hepliaklqana.
Hepliaklqana was noncommittal.
You visited 1 branch of the dungeon, and saw 4 of its levels.

You collected 183 gold pieces.

Inventory:

Hand Weapons
 a - a +0 trident (weapon)
Missiles
 d - 3 throwing nets
 e - 6 javelins (quivered)
 l - 3 poisoned darts
Armour
 c - a +0 helmet (worn)
 f - a +0 scale mail (worn)
 k - a +0 pair of gloves (worn)
 p - a +1 cloak (worn)
Jewellery
 o - a ring of ice
Scrolls
 b - a scroll of vulnerability
 h - a scroll of teleportation
 i - a scroll of enchant armour {unknown}
 n - a scroll of fear {unknown}
Potions
 g - a potion of enlightenment
 m - a potion of cancellation


   Skills:
 + Level 3.7 Fighting
 * Level 5.0 Polearms
 - Level 1.7 Throwing
 + Level 2.7 Armour
 + Level 4.0 Dodging


You had 5 spell levels left.
You didn't know any spells.
Your spell library contained the following spells:

 Spells                   Type           Power      Damage    Failure   Level
 Cigotuvi's Dreadful Rot  Necr/Alch/Air  0%         N/A       93%         2
 Ignite Poison            Fire/Alch      0%         N/A       100%        4
 Freezing Cloud           Conj/Ice/Air   0%         6-21      100%        5


Dungeon Overview and Level Annotations

Branches:
Dungeon (4/15)             Temple (0/1) D:4

Altars:
Hepliaklqana
Qazlal
Uskayaw
Wu Jian
Yredelemnul

Shops:
D:3 (

Annotations:
D:4 Grinder


Innate Abilities, Weirdness & Mutations

You are partially covered in icy blue scales. (AC +2)
You sometimes emit foul miasma when damaged in melee.
You regenerate a little health from kills.


Message History

You closely miss Grinder.
Grinder is lightly wounded.
Grinder barely misses you. Grinder gestures at you.
Pain shoots through your body!
You closely miss Grinder.
Grinder is lightly wounded.
Grinder gestures at you. Pain shoots through your body!
You closely miss Grinder.
Grinder is lightly wounded.
Grinder closely misses you.
You puncture Grinder!
Grinder is heavily wounded.
Grinder gestures at you. Pain shoots through your body!
* * * LOW HITPOINT WARNING * * *
You hit Grinder but do no damage.
Grinder is heavily wounded.
Grinder closely misses you.
It was a potion of cancellation.
You feel magically purged. Grinder barely misses you.
It was a potion of haste.
You feel yourself speed up. Grinder hits you!
* * * LOW HITPOINT WARNING * * *
You writhe in agony.
* * * LOW HITPOINT WARNING * * *
You emit a cloud of foul miasma!
You hit Grinder.
Grinder is severely wounded.
Okay, then.
Okay, then.
You barely miss Grinder.
Grinder is severely wounded.
Grinder grins, showing sharp teeth.
Grinder hits you but does no damage.
You hit Grinder but do no damage.
Grinder is severely wounded.
Grinder hits you.
You die...
Grinder says, "Hey, I wasn't done torturing you yet!"

...##+ ...... ......
..##..## ### ..##...# #..
.......#########.###.#
_.........##.........#
...##..##....# #.#
...##..##.#### #@#
≈.....#...)).# #5#
≈.....#.####.# #.#
......'## #.###'##########
...##..# #.............[#
###....# #..............#
....#### ##...(.........#
.############.............#
## #.......+.............#


You could see Grinder.

Vanquished Creatures
  Duvessa (D:4)
  Blork the orc (D:4)
  Dowan (D:4)
  A bombardier beetle (D:3)
  2 hounds (D:4)
  An orc priest (D:2)
  2 orc wizards
  An adder (D:4)
  4 gnolls (D:3)
  3 dart slugs
  3 ribbon worms
  10 orcs
  An endoplasm (D:4)
  3 giant cockroaches (D:3)
  5 goblins
  4 hobgoblins
  2 jackals (D:1)
  5 quokkas
  5 ball pythons
  3 bats
  4 kobolds
  4 rats
66 creatures vanquished.

Notes
Turn   | Place    | Note
-------+----------+-------------------------------------------
     0 | D:1      | inmateoo the Demonspawn Gladiator began the quest for the
                  | Orb.
     0 | D:1      | Reached XP level 1. HP: 16/16 MP: 1/1
   228 | D:1      | Gained mutation: You may rarely emit foul miasma when
                  | damaged in melee. [demonic ancestry]
   228 | D:1      | Reached XP level 2. HP: 22/22 MP: 2/2
   235 | D:1      | Reached skill level 3 in Polearms
   657 | D:2      | Found a faded altar of an unknown god.
   811 | D:2      | Gained mutation: You regenerate a little health from kills.
                  | [demonic ancestry]
   811 | D:2      | Reached XP level 3. HP: 28/28 MP: 3/3
   830 | D:2      | Reached skill level 1 in Armour
  1252 | D:3      | Found Kukesuh's Antique Weapon Boutique.
  1258 | D:3      | Gained mutation: You sometimes emit foul miasma when
                  | damaged in melee. [demonic ancestry]
  1258 | D:3      | Reached XP level 4. HP: 34/34 MP: 4/4
  1277 | D:3      | Found a basalt altar of Yredelemnul.
  1690 | D:3      | Found a hazy altar of Hepliaklqana.
  1697 | D:3      | Found a hide-covered altar of Uskayaw.
  1699 | D:3      | Became a worshipper of Hepliaklqana the Forgotten
  1985 | D:3      | Reached skill level 4 in Polearms
  1985 | D:3      | Gained mutation: You are partially covered in icy blue
                  | scales. (AC +2) [demonic ancestry]
  1985 | D:3      | Reached XP level 5. HP: 24/40 MP: 5/5
  2513 | D:4      | Found an ornate altar of the Wu Jian Council.
  2514 | D:4      | Noticed Duvessa
  2514 | D:4      | Noticed Dowan
  2525 | D:4      | Killed Duvessa
  2526 | D:4      | Reached XP level 6. HP: 20/47 MP: 6/6
  2530 | D:4      | Killed Dowan
  2685 | D:4      | Noticed Blork the orc
  2692 | D:4      | Killed Blork the orc
  2768 | D:4      | Found a stormy altar of Qazlal.
  2849 | D:4      | Reached skill level 5 in Polearms
  2874 | D:4      | Found a staircase to the Ecumenical Temple.
  2992 | D:4      | Noticed Grinder
  3016 | D:4      | Slain by Grinder

Illustrated notes

Levels and vault maps discovered:
D:1:      dpeg_arrival_arbitrary_b, layout_loops_ring
D:2:      layout_rooms, serial_aquarium, aquarium_bridge_square
          [aquarium_subvault_window, aquarium_subvault_bridge,
          aquarium_subvault_wall, aquarium_subvault_wall], aquarium_window_3,
          aquarium_window_1, aquarium_window_2, aquarium_view_2d,
          aquarium_pool_corner, shapermc_ecumenical_altar_ellora
D:3:      layout_loops_cross, yredelemnul_altar_generic, zin_treasury,
          minitemple, serial_shops, shop
D:4:      layout_basic, nicolae_wu_jian_wuxing_cycle, kennysheep_little_box,
          temple_doors_e, uniq_blork_the_orc, uniq_grinder, uniq_robin,
          uniq_duvessa

Skill      XL: |  1  2  3  4  5  6 |
---------------+-------------------+-----
Polearms       | 3 4 5 |  5.0
Dodging        | 3 4 |  4.0
Armour         | 1 2 |  2.7
Fighting       | 3 |  3.7
Throwing       | |  1.7

Action                     |  1- 3 |  4- 6 || total
---------------------------+-------+-------++-------
  Melee: Trident           |    63 |   164 ||   227
         Punch             |       |     1 ||     1
  Throw: Dart              |       |     7 ||     7
         Javelin           |       |     6 ||     6
         Throwing net      |       |     1 ||     1
    Use: Scroll            |       |     7 ||     7
         Potion            |       |     4 ||     4
 Armour: Scale mail        |    25 |   106 ||   131
  Dodge: Dodged            |    18 |    81 ||    99
